 Dungeon Crawl Stone Soup version 0.21-a0-193-g085b6a0 (webtiles) character file.

928 Helio the Covert (level 7, -1/32 HPs)
             Began as a Spriggan Enchanter on Aug 14, 2017.
             Slain by an orc
             ... wielding a +2 dagger of speed
              (4 damage)
             ... on level 5 of the Dungeon.
             The game lasted 00:10:03 (5141 turns).

Helio the Covert (Spriggan Enchanter)               Turns: 5141, Time: 00:10:03

Health: -1/32      AC:  2    Str:  5    XL:     7   Next: 85%
Magic:  11/15      EV: 18    Int: 18    God:
Gold:   146        SH:  0    Dex: 16    Spells: 3/15 levels left

rFire    . . .     SeeInvis +   a - +2 dagger
rCold    . . .     Gourm    .   (shield restricted)
rNeg     . . .     Faith    .   b - +0 robe
rPois    .         Spirit   .   (helmet restricted)
rElec    .         Reflect  .   (no cloak)
rCorr    .         Harm     .   (gloves unavailable)
MR       +....                  (boots unavailable)
Stlth    +++++.....             (no amulet)
HPRegen  0.10/turn              (no ring)
MPRegen  0.14/turn              (no ring)

@: very slightly contaminated, very quick
A: unfitting armour, see invisible, herbivore 3, speed 3, slow metabolism 2
a: no special abilities


You were on level 5 of the Dungeon.
You were not hungry.

You visited 1 branch of the dungeon, and saw 5 of its levels.

You collected 201 gold pieces.
You spent 55 gold pieces at shops.

Inventory:

Hand Weapons
 a - a +2 dagger (weapon)
Armour
 b - a +0 robe (worn)
Wands
 k - a wand of paralysis (15/24)
Scrolls
 e - 3 scrolls of blinking
 f - 2 scrolls of remove curse
 i - 2 scrolls of fog
Potions
 c - a potion of lignification {unknown}
 g - 3 potions of haste {unknown}
 h - 3 potions of curing {unknown}
 j - a potion of mutation {unknown}
 l - a potion of brilliance {unknown}
 n - a potion of heal wounds
Comestibles
 d - 2 bread rations


   Skills:
 - Level 1.1 Short Blades
 - Level 3.0 Dodging
 + Level 12.1 Stealth
 - Level 4.7 Spellcasting
 - Level 5.6 Hexes


You had 3 spell levels left.
You knew the following spells:

 Your Spells              Type           Power        Failure   Level  Hunger
a - Ensorcelled Hibernat  Hex/Ice        ##....       6%          2    #......
b - Corona                Hex            ###....      1%          1    None
c - Confuse               Hex            ###.....     4%          3    ###....
d - Tukima's Dance        Hex            ###.....     4%          3    ###....
e - Dazzling Spray        Conj/Hex       ##....       13%         3    ###....


Dungeon Overview and Level Annotations

Branches:
Dungeon (5/15)
 Temple: D:4-7

Altars:
Ru
Trog

Shops:
D:4 *


Innate Abilities, Weirdness & Mutations

You are very small and have problems with some larger weapons.
You are too small for most types of armour.
You have supernaturally acute eyesight. (SInv)
You are a herbivore.
You cover ground extremely quickly.
You need consume almost no food.


Message History

Confirm with . or Enter, or press ? or * to list all spells.
Aiming: Ensorcelled Hibernation
Press: ? - help, Shift-Dir - straight line, f - ogre
Aim: an ogre, wielding a giant spiked club (chance to defeat MR: 45%)
The ogre resists with some effort.
The ogre completely misses you.
An orc comes into view. It is wielding a club.
Casting: Ensorcelled Hibernation
Confirm with . or Enter, or press ? or * to list all spells.
Aiming: Ensorcelled Hibernation
Press: ? - help, Shift-Dir - straight line, f/p - ogre
Aim: an ogre, wielding a giant spiked club (chance to defeat MR: 45%)
You miscast Ensorcelled Hibernation.
You are very lightly contaminated with residual magic.
You feel uncomfortably cold.
An orc comes into view. It is wielding a hand axe.
The ogre hits you with a giant spiked club!!
Ouch! That really hurt!
* * * LOW HITPOINT WARNING * * *
The orc hits you with a dagger of speed.
You die...

#..# #.....%. #..#
#......( #.o# #.......
#o.# ####.O.. #..#
#..## #..# #..#
####.############o.#
#...o....#..†.....##
#...@......#####..###
#..O.(...### #....#
##.##..#.## #....#
#..##....########.....
#....................#
#..###...#######.....#
#..# #.#.# #.#...#
#..# ###.# #.##.##
#..# #.# #.. ...


You could see an ogre and 3 orcs.

Vanquished Creatures
  The ghost of Helio the Covert, a novice SpEn of Dithmenos (D:5)
  Grinder (D:4)
  Eustachio (D:4)
  The ghost of Helio the Vexing, an amateur SpEn (D:3)
  A howler monkey (D:4)
  A hound (D:4)
  Terence (D:2)
  10 adders
  4 worms (D:2)
  5 leopard geckos
  10 bats
  A giant cockroach (D:1)
  6 goblins
  9 hobgoblins
  3 jackals (D:1)
  3 kobolds
  2 quokkas
  2 ball pythons
  2 frilled lizards
  A leopard gecko skeleton (D:4)
  10 rats
75 creatures vanquished.

Notes
Turn   | Place    | Note
-------+----------+-------------------------------------------
     0 | D:1      | Helio the Spriggan Enchanter began the quest for the Orb.
     0 | D:1      | Reached XP level 1. HP: 9/9 MP: 5/5
   234 | D:1      | Reached XP level 2. HP: 12/13 MP: 7/7
   238 | D:1      | Learned a level 2 spell: Ensorcelled Hibernation
  1046 | D:1      | Reached XP level 3. HP: 16/16 MP: 6/9
  1051 | D:1      | Learned a level 3 spell: Confuse
  1055 | D:1      | Learned a level 3 spell: Tukima's Dance
  1322 | D:2      | Noticed Terence
  1372 | D:2      | Killed Terence
  1372 | D:2      | Reached skill level 5 in Hexes
  1372 | D:2      | Reached XP level 4. HP: 13/21 MP: 0/11
  1651 | D:2      | Found a bloodstained altar of Trog.
  2645 | D:2      | Reached XP level 5. HP: 24/24 MP: 8/13
  3064 | D:3      | Noticed Helio's ghost (amateur SpEn)
  3081 | D:3      | Killed Helio's ghost
  3081 | D:3      | Reached skill level 6 in Stealth
  3300 | D:3      | Learned a level 3 spell: Dazzling Spray
  3740 | D:4      | Reached skill level 7 in Stealth
  3740 | D:4      | Reached XP level 6. HP: 28/28 MP: 14/14
  4055 | D:4      | Noticed Grinder
  4211 | D:4      | Killed Grinder
  4211 | D:4      | Reached skill level 9 in Stealth
  4549 | D:4      | Noticed Eustachio
  4593 | D:4      | Killed Eustachio
  4593 | D:4      | Reached skill level 10 in Stealth
  4593 | D:4      | Reached XP level 7. HP: 32/32 MP: 11/15
  4697 | D:4      | Found Horeawn's General Store.
  4700 | D:4      | Bought a potion of heal wounds for 55 gold pieces
  4717 | D:4      | Found a sacrificial altar of Ru.
  4842 | D:5      | Entered Level 5 of the Dungeon
  4878 | D:5      | Noticed Helio's ghost (novice SpEn)
  4918 | D:5      | Killed Helio's ghost
  4918 | D:5      | Reached skill level 12 in Stealth
  5141 | D:5      | Slain by an orc

Vault maps used:
D:1:      dpeg_arrival_refuge
D:2:      hex_large, bloody_trog, uniq_terence
D:4:      nicolae_ru_path_of_blood, serial_shops, kennysheep_mini, first_bread,
          grunt_ministairs_6, uniq_eustachio, uniq_grinder
D:5:      lemuel_doored_altar

Skill      XL: |  1  2  3  4  5  6  7 |
---------------+----------------------+-----
Spellcasting   | 3 4 |  4.7
Hexes          | 4 5 |  5.6
Stealth        | 7 10 12 | 12.1
Short Blades   | |  1.1
Dodging        | |  3.0

Action                   |  1- 3 |  4- 6 |  7- 9 || total
-------------------------+-------+-------+-------++-------
Melee: Dagger            |    87 |   103 |    31 ||   221
 Cast: Corona            |     1 |       |       ||     1
       Ensorcelled Hiber |    14 |    22 |     2 ||    38
       Confuse           |     3 |     4 |     5 ||    12
       Dazzling Spray    |       |       |     2 ||     2
  Use: Scroll            |     3 |     3 |     1 ||     7
       Potion            |       |       |     1 ||     1
 Stab: Sleeping          |    19 |    28 |     1 ||    48
       Confused          |     1 |     5 |     1 ||     7
       Distracted        |       |       |     1 ||     1
  Eat: Royal jelly       |       |     1 |       ||     1
       Bread ration      |       |       |     1 ||     1
Armor: Robe              |    15 |     7 |     3 ||    25
Dodge: Dodged            |    84 |    58 |    27 ||   169
